 Dungeon Crawl Stone Soup version 0.17-a0-2215-g49c1de0 (webtiles) character file.

53 tp1 the Magician (level 3, -11/19 HPs)
             Began as a Deep Elf Conjurer on Oct 27, 2015.
             Engulfed by a cloud of flame (30 damage)
             ... on level 2 of the Dungeon.
             The game lasted 00:05:51 (1458 turns).

tp1 the Magician (Deep Elf Conjurer)                Turns: 1458, Time: 00:05:51

Health: -11/19     AC:  3    Str:  5    XL:     3   Next: 62%
Magic:  7/12       EV: 12    Int: 20    God:
Gold:   88         SH:  0    Dex: 15    Spells: 3 memorised, 7 levels left

rFire  x . .     SeeInvis .     l - +0 short sword
rCold  + . .     Clarity  .     m - +0 leather armour
rNeg   . . .     SustAt   .     (no shield)
rPois  .         Gourm    .     (no helmet)
rElec  .         Spirit   .     (no cloak)
rCorr  .         Warding  .     (no gloves)
rMut   .         Stasis   .     (no boots)
MR     .....                    (no amulet)
Stlth  ++........               (no ring)
                                j - ring of ice

@: not resistant to hostile enchantments, unstealthy
A: no striking features
a: no special abilities


You were on level 2 of the Dungeon.
You were not hungry.

You visited 1 branch of the dungeon, and saw 2 of its levels.

You collected 88 gold pieces.

Inventory:

Hand Weapons
 g - a +0 dagger
 l - a +0 short sword (weapon)
Armour
 a - a +0 robe
 m - a +0 leather armour (worn)
Jewellery
 j - a ring of ice (left hand)
Scrolls
 d - a scroll of remove curse {unknown}
 i - a scroll of random uselessness {unknown}
Potions
 e - a potion of degeneration {unknown}
 k - 2 potions of haste {unknown}
Books
 b - a book of Conjurations

   Spells                             Type                      Level
   a - Magic Dart                     Conjuration                  1
   b - Searing Ray                    Conjuration                  2
   c - Dazzling Spray                 Conjuration/Hexes            3
   d - Fulminant Prism                Conjuration/Hexes            4
   e - Iskenderun's Mystic Blast      Conjuration                  4
   f - Iskenderun's Battlesphere      Conjuration/Charms           5
Comestibles
 c - a bread ration
 f - 4 chunks of flesh
 h - a meat ration


   Skills:
 - Level 2.4 Dodging
 - Level 2.4 Stealth
 + Level 5.5 Spellcasting
 - Level 4.3 Conjurations


You had 7 spell levels left.
You knew the following spells:

 Your Spells              Type           Power        Failure   Level  Hunger
a - Magic Dart            Conj           ###.         3%          1    None
b - Searing Ray           Conj           ###...       6%          2    None
c - Dazzling Spray        Conj/Hex       ##......     24%         3    ##.....


Dungeon Overview and Level Annotations

Branches:
Dungeon (2/15)

Altars:
Trog
The Shining One


Message History

Press: ? - help, Shift-Dir - straight line, f/p - adder
Aim: an adder (heavily wounded)
The magic dart hits the adder.
The adder is severely wounded.
Casting: Magic Dart
Confirm with . or Enter, or press ? or * to list all spells.
Aiming: Magic Dart
Press: ? - help, Shift-Dir - straight line, f/p - adder
Aim: an adder (severely wounded)
The magic dart hits the adder.
You kill the adder!
You see here an adder corpse.
You butcher the adder corpse.
f - 4 chunks of flesh (gained 1) Really walk into that cloud of flame?
Uppercase [Y]es or [N]o only, please.
Really walk into that cloud of flame?
You are engulfed in roaring flames.
Ouch! That really hurt!
You die...

########
##...<..###
#.........#
#.........# #######
##......#.###.)...#
####.###.....@._.#
#...#####.....#
###.# ####### #.#
#.# #.# ## #.# .#
#.## ##.#####. #..#
########........


There were no monsters in sight!

Vanquished Creatures
  3 adders (D:2)
  An ooze (D:1)
  2 giant geckos (D:1)
  A giant cockroach (D:1)
  3 hobgoblins (D:1)
  2 kobolds (D:2)
  2 bats (D:1)
  A giant newt (D:1)
  5 goblins (D:1)
  4 rats (D:1)
24 creatures vanquished.

Notes
Turn   | Place    | Note
--------------------------------------------------------------
     0 | D:1      | tp1 the Deep Elf Conjurer began the quest for the Orb.
     0 | D:1      | Reached XP level 1. HP: 10/10 MP: 6/6
   198 | D:1      | Reached XP level 2. HP: 15/15 MP: 3/8
   412 | D:1      | Found a glowing golden altar of the Shining One.
   892 | D:1      | Found a glowing golden altar of the Shining One.
  1321 | D:2      | Reached skill level 5 in Spellcasting
  1321 | D:2      | Reached XP level 3. HP: 19/19 MP: 6/11
  1325 | D:2      | Learned a level 2 spell: Searing Ray
  1329 | D:2      | Learned a level 3 spell: Dazzling Spray
  1446 | D:2      | Found a bloodstained altar of Trog.
  1458 | D:2      | Engulfed by a cloud of flame

Vault maps used:
D:1:      dpeg_arrival_connections, minmay_misc_feat_alley,
          roderic_cross_of_infinity, tso_metal_star
D:2:      first_bread, trog_book

Action                   || total
-------------------------++-------
 Cast: Magic Dart        ||    50
       Searing Ray       ||     1
  Eat: Chunk             ||     1
